[Event "December 5 Late 2023"]
[Site "https://www.chess.com"]
[Date "2023.12.05"]
[Round "5"]
[White "Martine, Jean-Christophe"]
[Black "Esmeraldas Huachi, Anderson"]
[Result "1-0"]
[Board "153"]
[TimeControl "180+1"]
[WhiteFideId "603651"]
[BlackFideId "3616363"]
[WhiteElo "2171"]
[BlackElo "2430"]
[WhiteTeam "FRA"]
[BlackTeam "ECU"]
[WhiteClock "0:00:50"]
[BlackClock "0:00:53"]

1. d4 d5 2. Nf3 Nf6 3. Nbd2 c5 4. e3 Nc6 5. c3 Bg4 6. Qa4 Bd7 7. Qd1 e6 8. Bd3 Qc7 9. O-O Bd6 10. dxc5 Bxc5 11. e4 O-O 12. Qe2 dxe4 13. Nxe4 Nxe4 14. Qxe4 f5 15. Qh4 h6 16. Re1 Rae8 17. Bc4 Be7 18. Qh3 Bf6 19. Be3 a6 20. Rad1 Na5 21. Be2 e5 22. Qh5 e4 23. Nh4 f4 24. Bd4 Bxd4 25. cxd4 e3 26. fxe3 fxe3 27. Rc1 Qd6 28. Qxa5 Qxd4 29. Nf3 Qxb2 30. Qd5+ Be6 31. Qd4 Qxd4 32. Nxd4 Bxa2 33. Bc4+ Bxc4 34. Rxc4 b5 35. Rc6 Rf6 36. Rxf6 gxf6 37. Nc2 e2 38. Nd4 Re4 39. Nxe2 Kf7 40. Kf2 a5 41. Ra1 a4 42. Kf3 Rc4 43. Ke3 h5 44. Kd3 Rg4 45. g3 h4 46. Ke3 hxg3 47. hxg3 Ke6 48. Nf4+ Kf5 49. Kf3 Rg8 50. Rb1 Rb8 51. Nd3 Ke6 52. Nb4 Kd6 53. Rc1 Ra8 54. Rc6+ Kd7 55. Rxf6 a3 56. Na2 b4 57. Rb6 Ra4 58. g4 Kc7 59. Rxb4 Rxb4 60. Nxb4 Kb6 61. g5 Kb5 62. Na2 Kc4 63. g6 Kb3 64. g7 Kxa2 65. g8=Q+ Kb1 66. Qb3+ Ka1 67. Qxa3+ Kb1 68. Qb3+ Ka1 69. Qc3+ Ka2 70. Qb4 Ka1 71. Ke2 Ka2 72. Kd2 Ka1 73. Kc2 Ka2 74. Qb2# 1-0

[Event "December 5 Late 2023"]
[Site "https://www.chess.com"]
[Date "2023.12.05"]
[Round "5"]
[White "Mesa Cruz, Juan Carlos"]
[Black "Yushko, Olga"]
[Result "1-0"]
[Board "154"]
[TimeControl "180+1"]
[WhiteFideId "6423400"]
[BlackFideId "14114500"]
[WhiteElo "2371"]
[BlackElo "2115"]
[WhiteTeam "DOM"]
[BlackTeam "UKR"]
[WhiteClock "0:00:35"]
[BlackClock "0:00:10"]

1. e4 e6 2. Ke2 d5 3. d3 Nf6 4. Nd2 Be7 5. Ngf3 O-O 6. g3 c5 7. Bg2 Nc6 8. Re1 dxe4 9. dxe4 e5 10. Kf1 Bg4 11. h3 Bh5 12. g4 Bg6 13. Nh4 Nxe4 14. Nxg6 Nxd2+ 15. Qxd2 hxg6 16. Bxc6 bxc6 17. Rxe5 Qc7 18. Qe2 Bf6 19. Re4 Qh2 20. Qf3 Rad8 21. Bf4 Bxb2 22. Rb1 f5 23. Bxh2 fxe4 24. Qxe4 Bd4 25. Bg3 Rde8 26. Qxg6 Re3 27. Rb7 Rxg3 28. Qe6+ Kh8 29. Rb8 Rf3 30. Rxf8+ Rxf8 31. Qxc6 Rxf2+ 32. Ke1 Rf8 33. Ke2 Re8+ 34. Qxe8+ 1-0

[Event "December 5 Late 2023"]
[Site "https://www.chess.com"]
[Date "2023.12.05"]
[Round "5"]
[White "Feliz Dotel, Dewar Bienvenido"]
[Black "Cooper, Aaron"]
[Result "1-0"]
[Board "155"]
[TimeControl "180+1"]
[WhiteFideId "6402801"]
[BlackFideId "2634945"]
[WhiteElo "2066"]
[BlackElo "2321"]
[WhiteTeam "DOM"]
[BlackTeam "CAN"]
[WhiteClock "0:00:07"]
[BlackClock "0:00:07"]

1. d4 d5 2. e3 Nf6 3. Nf3 c5 4. dxc5 Qa5+ 5. Nbd2 Qxc5 6. a3 Bg4 7. b4 Qc7 8. Bb2 Nbd7 9. Be2 e5 10. c4 Bxf3 11. gxf3 dxc4 12. Nxc4 Rd8 13. Qa4 a6 14. b5 axb5 15. Qxb5 Qc6 16. Nxe5 Nxe5 17. Bxe5 Be7 18. Rc1 Qxb5 19. Bxb5+ Kf8 20. a4 Nd7 21. Bd4 Bb4+ 22. Ke2 f6 23. Rc7 Ne5 24. Rg1 Be7 25. Rxb7 h5 26. Rc1 h4 27. Rcc7 Ng6 28. Bd3 Bd6 29. Rd7 Rxd7 30. Rxd7 Ne5 31. Rxd6 Nxd3 32. Kxd3 Kf7 33. Rd7+ Ke6 34. Ra7 Rc8 35. a5 Rc1 36. Rxg7 Rd1+ 37. Ke2 Rh1 38. a6 Rc1 39. a7 Rc2+ 40. Kd3 Rxf2 41. a8=Q Rxh2 42. Qd5+ 1-0

[Event "December 5 Late 2023"]
[Site "https://www.chess.com"]
[Date "2023.12.05"]
[Round "5"]
[White "Smirnov, Timofey"]
[Black "Kujawski, Adam"]
[Result "0-1"]
[Board "156"]
[TimeControl "180+1"]
[WhiteFideId "24176427"]
[BlackFideId "1100920"]
[WhiteElo "2046"]
[BlackElo "2284"]
[WhiteTeam "RUS"]
[BlackTeam "POL"]
[WhiteClock "0:00:00"]
[BlackClock "0:00:17"]

1. d4 d5 2. Bf4 c5 3. Nc3 Nf6 4. e3 a6 5. a4 Nc6 6. Nf3 Bg4 7. Be2 e6 8. h3 Bh5 9. O-O Rc8 10. Ne5 Bxe2 11. Qxe2 cxd4 12. Nxc6 Rxc6 13. exd4 Bd6 14. Be5 O-O 15. f4 Nd7 16. Bxd6 Rxd6 17. f5 Qb6 18. fxe6 Qxd4+ 19. Qf2 Qxf2+ 20. Rxf2 fxe6 21. Rd2 Nf6 22. Re1 Kf7 23. Ne4 Nxe4 24. Rxe4 Rc8 25. Rf4+ Ke7 26. Rdf2 Rd7 27. Rf7+ Kd6 28. Rxd7+ Kxd7 29. Rf7+ Kd6 30. Rxg7 Rxc2 31. Rxb7 d4 32. Rb8 Ke5 33. Kf1 Ke4 34. b4 d3 35. Ke1 Ke3 36. Kd1 Rxg2 37. Kc1 Rg1+ 38. Kb2 d2 39. Rd8 d1=Q 0-1

[Event "December 5 Late 2023"]
[Site "https://www.chess.com"]
[Date "2023.12.05"]
[Round "5"]
[White "Clarke, Matthew"]
[Black "Winkels, Marcel"]
[Result "0-1"]
[Board "157"]
[TimeControl "180+1"]
[WhiteFideId "3227804"]
[BlackFideId "1003887"]
[WhiteElo "2252"]
[BlackElo "1995"]
[WhiteTeam "AUS"]
[BlackTeam "NED"]
[WhiteClock "0:00:08"]
[BlackClock "0:01:22"]

1. c4 e5 2. Nc3 Bb4 3. g3 Bxc3 4. dxc3 d6 5. Bg2 f5 6. e4 c6 7. Ne2 Nf6 8. exf5 Bxf5 9. O-O O-O 10. f4 e4 11. Nd4 Bg4 12. Qe1 d5 13. cxd5 cxd5 14. b3 Nc6 15. Nc2 Qb6+ 16. Kh1 Rad8 17. Be3 Qc7 18. Qf2 b6 19. h3 Bd7 20. Rac1 Ne7 21. Nd4 Nf5 22. Nxf5 Bxf5 23. g4 Bd7 24. c4 Qb7 25. Rfd1 Rfe8 26. g5 Nh5 27. Rxd5 Bc6 28. Rxd8 Rxd8 29. Qe2 Ng3+ 0-1

[Event "December 5 Late 2023"]
[Site "https://www.chess.com"]
[Date "2023.12.05"]
[Round "5"]
[White "Clawitter, Craig"]
[Black "Boggiano Pereira, Miguel A."]
[Result "1-0"]
[Board "158"]
[TimeControl "180+1"]
[WhiteFideId "2023105"]
[BlackFideId "3102750"]
[WhiteElo "2219"]
[BlackElo "1970"]
[WhiteTeam "USA"]
[BlackTeam "PUR"]
[WhiteClock "0:01:23"]
[BlackClock "0:00:07"]

1. e4 c5 2. Nf3 Nc6 3. d4 cxd4 4. Nxd4 g6 5. Nc3 Bg7 6. Be3 Nf6 7. Bc4 O-O 8. Bb3 d6 9. f3 Na5 10. Qd2 a6 11. O-O-O Nxb3+ 12. axb3 b5 13. Bh6 b4 14. Nd5 Nxd5 15. exd5 Qa5 16. Kb1 Qxd5 17. Bxg7 Kxg7 18. Qxb4 Bd7 19. g4 Rfb8 20. Qc3 Kg8 21. Nf5 Qe5 22. Qxe5 dxe5 23. Nxe7+ Kf8 24. Rxd7 Rd8 25. Rhd1 Ke8 26. Rxd8+ Rxd8 27. Rxd8+ Kxd8 1-0

[Event "December 5 Late 2023"]
[Site "https://www.chess.com"]
[Date "2023.12.05"]
[Round "6"]
[White "Nihal Sarin"]
[Black "Carlsen, Magnus"]
[Result "0-1"]
[Board "1"]
[TimeControl "180+1"]
[WhiteFideId "25092340"]
[BlackFideId "1503014"]
[WhiteElo "3101"]
[BlackElo "3313"]
[WhiteTeam "IND"]
[BlackTeam "NOR"]
[WhiteClock "0:00:02"]
[BlackClock "0:00:19"]

1. d4 Nc6 2. Nf3 d5 3. Bf4 Bg4 4. e3 e6 5. Nbd2 Bd6 6. Bg3 h5 7. Be2 h4 8. Bxd6 cxd6 9. h3 Bf5 10. c4 dxc4 11. Nxc4 Nf6 12. O-O Be4 13. Nfd2 Bd5 14. Rc1 O-O 15. Bf3 Bxc4 16. Nxc4 d5 17. Nd2 Rc8 18. Qa4 Qa5 19. Qxa5 Nxa5 20. Be2 g5 21. Bd3 Nd7 22. Rfd1 Kg7 23. Kf1 f5 24. Ke2 Kf6 25. b4 Nc6 26. a3 a5 27. Bb5 axb4 28. axb4 Ndb8 29. Rb1 Rc7 30. Bxc6 Nxc6 31. b5 Na5 32. b6 Rc2 33. Rdc1 Rfc8 34. Rxc2 Rxc2 35. Kd3 Ra2 36. Rb5 g4 37. Kc3 Nc6 38. Rc5 Ra6 39. Rb5 Ra1 40. Rc5 Rg1 41. Nb3 Rxg2 42. Rxc6 gxh3 43. Nc5 bxc6 0-1

[Event "December 5 Late 2023"]
[Site "https://www.chess.com"]
[Date "2023.12.05"]
[Round "6"]
[White "Nakamura, Hikaru"]
[Black "Sarana, Alexey"]
[Result "1/2-1/2"]
[Board "2"]
[TimeControl "180+1"]
[WhiteFideId "2016192"]
[BlackFideId "24133795"]
[WhiteElo "3238"]
[BlackElo "3009"]
[WhiteTeam "USA"]
[BlackTeam "SRB"]
[WhiteClock "0:00:09"]
[BlackClock "0:00:06"]

1. Nf3 d5 2. g3 g6 3. d4 Bg7 4. Bg2 Nf6 5. O-O O-O 6. c3 a5 7. Nbd2 Nbd7 8. Re1 c5 9. dxc5 Nxc5 10. Nb3 b6 11. Be3 Nfe4 12. Nfd2 Bf5 13. Nxc5 Nxc5 14. Bd4 Qd6 15. Nb3 Nxb3 16. Qxb3 Bxd4 17. cxd4 e6 18. Rac1 a4 19. Qc3 Rfc8 20. Qd2 h5 21. f3 e5 22. dxe5 Qxe5 23. f4 Qe7 24. Bxd5 Rxc1 25. Bxa8 Rxe1+ 26. Qxe1 Qe3+ 27. Kf1 Bh3+ 28. Bg2 Bxg2+ 29. Kxg2 Qe4+ 30. Kh3 Qe6+ 31. Kg2 Qe4+ 32. Kh3 Qe6+ 33. Kg2 Qe4+ 1/2-1/2

[Event "December 5 Late 2023"]
[Site "https://www.chess.com"]
[Date "2023.12.05"]
[Round "6"]
[White "Paravyan, David"]
[Black "Naroditsky, Daniel"]
[Result "1/2-1/2"]
[Board "3"]
[TimeControl "180+1"]
[WhiteFideId "4194985"]
[BlackFideId "2026961"]
[WhiteElo "3003"]
[BlackElo "3173"]
[WhiteTeam "FID"]
[BlackTeam "USA"]
[WhiteClock "0:02:20"]
[BlackClock "0:02:10"]

1. e4 Nc6 2. Nf3 d6 3. d4 Nf6 4. c3 g6 5. Bb5 Bd7 6. Qe2 Bg7 7. O-O O-O 8. Rd1 a6 9. Bd3 e5 10. dxe5 Nxe5 11. Nxe5 dxe5 12. Nd2 Qe7 13. Nf3 Bc6 14. Bg5 h6 15. Bxf6 Bxf6 16. Bc4 Rad8 17. Bd5 Bxd5 18. Rxd5 c6 19. Rxd8 Rxd8 20. Rd1 1/2-1/2

[Event "December 5 Late 2023"]
[Site "https://www.chess.com"]
[Date "2023.12.05"]
[Round "6"]
[White "Firouzja, Alireza"]
[Black "Drygalov, Sergey"]
[Result "1-0"]
[Board "4"]
[TimeControl "180+1"]
[WhiteFideId "12573981"]
[BlackFideId "24171743"]
[WhiteElo "3154"]
[BlackElo "2994"]
[WhiteTeam "FRA"]
[BlackTeam "RUS"]
[WhiteClock "0:00:11"]
[BlackClock "0:00:06"]

1. e4 c6 2. Nf3 d5 3. d3 dxe4 4. dxe4 Qxd1+ 5. Kxd1 Nf6 6. Nfd2 g5 7. a4 h5 8. a5 h4 9. Bd3 Nbd7 10. Nc4 Nc5 11. Nbd2 Be6 12. f3 g4 13. b4 Nxd3 14. cxd3 h3 15. g3 gxf3 16. Bb2 Rh6 17. Kc2 f2 18. Ne5 Ng4 19. Nxg4 Bxg4 20. Rhf1 e5 21. Bc3 f6 22. Rxf2 Be7 23. Nc4 O-O-O 24. Ne3 Be6 25. Nf5 Bxf5 26. Rxf5 a6 27. Raf1 Kd7 28. d4 exd4 29. Bxd4 Ke6 30. Bc3 Rg6 31. Rh5 Rg4 32. e5 f5 33. Rh6+ Kd5 34. Rxf5 Bxb4 35. e6+ Kc4 36. Bxb4 Kxb4 37. Rf4+ Rxf4 38. gxf4 Re8 39. f5 Kc5 40. Rxh3 Kd6 41. Rh7 Ke5 42. Rf7 Rh8 43. e7 Kd6 44. f6 Rxh2+ 45. Kd3 Rh3+ 46. Ke2 Kd7 47. Rf8 1-0

[Event "December 5 Late 2023"]
[Site "https://www.chess.com"]
[Date "2023.12.05"]
[Round "6"]
[White "Andreikin, Dmitry"]
[Black "Bok, Benjamin"]
[Result "1-0"]
[Board "5"]
[TimeControl "180+1"]
[WhiteFideId "4158814"]
[BlackFideId "1017063"]
[WhiteElo "3114"]
[BlackElo "2986"]
[WhiteTeam "FID"]
[BlackTeam "NED"]
[WhiteClock "0:01:17"]
[BlackClock "0:00:02"]

1. Nf3 Nf6 2. c4 c5 3. g3 Nc6 4. Bg2 d5 5. cxd5 Nxd5 6. Nc3 g6 7. Ne4 c4 8. Qc2 b5 9. b3 Bg7 10. Bb2 Ndb4 11. Qc1 Bxb2 12. Qxb2 O-O 13. O-O Bf5 14. Nc3 cxb3 15. axb3 Rb8 16. Rfc1 a5 17. d3 Qd7 18. Na2 Nxa2 19. Rxa2 Rfc8 20. h4 Bh3 21. Bh1 Bg4 22. Ne5 Nxe5 23. Rxc8+ Rxc8 24. Qxe5 a4 25. bxa4 bxa4 26. Bd5 Be6 27. Bxe6 fxe6 28. Qe4 Qd5 29. Rxa4 Qxe4 30. Rxe4 Kf7 31. d4 Rc2 32. e3 Ra2 33. Re5 Kf6 34. h5 Rb2 35. Kg2 Ra2 36. g4 Kf7 37. h6 Rb2 38. g5 Ra2 39. Kg3 Rb2 40. Ra5 Rb8 41. Kf4 Rc8 42. Ke5 Rb8 43. f4 Rc8 44. Ke4 Rb8 45. Rc5 Ra8 46. Ke5 Rb8 47. e4 Ra8 48. Rb5 Rc8 49. Rb6 Ra8 50. Rxe6 Ra5+ 51. d5 Ra4 52. Rb6 Ra8 53. Rb7 Ra6 54. Rb8 Ra7 1-0

[Event "December 5 Late 2023"]
[Site "https://www.chess.com"]
[Date "2023.12.05"]
[Round "6"]
[White "Zhigalko, Sergei"]
[Black "Nepomniachtchi, Ian"]
[Result "1-0"]
[Board "6"]
[TimeControl "180+1"]
[WhiteFideId "13502956"]
[BlackFideId "4168119"]
[WhiteElo "2932"]
[BlackElo "3109"]
[WhiteTeam "BLR"]
[BlackTeam "RUS"]
[WhiteClock "0:00:04"]
[BlackClock "0:00:16"]

1. e4 e5 2. Nf3 Nc6 3. Bc4 Nf6 4. d3 Bc5 5. O-O d6 6. c3 O-O 7. Nbd2 a6 8. Bb3 Ba7 9. h3 h6 10. Re1 Be6 11. Nf1 Qd7 12. Be3 Rad8 13. Bxa7 Nxa7 14. d4 exd4 15. cxd4 Bxb3 16. Qxb3 Qb5 17. Qc2 Qb6 18. Ng3 Rfe8 19. Rad1 Nc6 20. a3 Ne7 21. Nh4 Qc6 22. Qb3 Qb5 23. Qc2 Rc8 24. e5 dxe5 25. dxe5 Nfd5 26. Nhf5 Nxf5 27. Qxf5 Qc6 28. Qg4 Ne7 29. e6 Ng6 30. exf7+ Kxf7 31. Rd7+ Kg8 32. Rxe8+ Rxe8 33. Nf5 Qc1+ 34. Kh2 Qf4+ 35. Qxf4 Nxf4 36. Rxg7+ Kf8 37. Rxc7 Re5 38. Nxh6 Nd3 39. Rxb7 Nxf2 40. Ng4 Nxg4+ 41. hxg4 Re3 42. Ra7 Rb3 43. Rxa6 Rxb2 44. Kg3 Kg7 45. a4 Rb3+ 46. Kf4 Rb2 47. g3 Rb4+ 48. Kg5 Rc4 49. Ra7+ Kg8 50. a5 Rc5+ 51. Kh4 Rc6 52. g5 Rd6 53. Kh5 Rc6 54. g4 Rd6 55. g6 Rd1 56. a6 Ra1 57. Kh6 Rh1+ 58. Kg5 Ra1 59. Kf5 Ra5+ 60. Ke6 Ra1 61. Kf5 Ra2 62. Kf6 Rf2+ 63. Ke6 Ra2 64. Kd5 Ra1 65. Ra8+ Kg7 66. Kc6 Re1 67. Rd8 Rc1+ 68. Kb7 Rb1+ 69. Ka8 Kxg6 70. Rb8 Rd1 71. Rb6+ Kg5 72. a7 Rd7 73. Kb8 Rd8+ 74. Kb7 Rd7+ 75. Ka6 Rd4 76. a8=Q 1-0

[Event "December 5 Late 2023"]
[Site "https://www.chess.com"]
[Date "2023.12.05"]
[Round "6"]
[White "Drozdowski, Kacper"]
[Black "Erigaisi Arjun"]
[Result "1/2-1/2"]
[Board "7"]
[TimeControl "180+1"]
[WhiteFideId "1136720"]
[BlackFideId "35009192"]
[WhiteElo "2985"]
[BlackElo "3105"]
[WhiteTeam "POL"]
[BlackTeam "IND"]
[WhiteClock "0:00:07"]
[BlackClock "0:00:30"]

1. e4 c6 2. d4 d5 3. Nc3 dxe4 4. Nxe4 Bf5 5. Ng3 Bg6 6. Nh3 Nf6 7. c3 Nbd7 8. Bc4 e6 9. Nf4 Bd6 10. h4 Qc7 11. Qf3 e5 12. Nxg6 hxg6 13. Bg5 exd4 14. cxd4 Bxg3 15. fxg3 Nb6 16. Bb3 Qe7+ 17. Qe2 Qxe2+ 18. Kxe2 Nfd5 19. Kf3 f6 20. Bd2 O-O-O 21. Rhe1 Nc7 22. Bc3 Nbd5 23. a4 Kd7 24. Bc2 f5 25. Re5 Nf6 26. Rae1 Ncd5 27. Bd2 Rde8 28. Bg5 a6 29. Rxe8 Rxe8 30. Rxe8 Kxe8 31. h5 Nxh5 32. g4 fxg4+ 33. Kxg4 Kf7 34. Kf3 Nhf6 35. g4 Nb4 36. Bb3+ Nfd5 37. Ke4 Ke6 38. Bd2 Kd6 39. g5 a5 40. Bc4 b6 41. Bb3 Ne7 42. Bf4+ Kd7 43. Bf7 b5 44. axb5 cxb5 45. Be5 a4 46. Bxg7 Nc2 47. Kd3 Nb4+ 48. Ke4 Nc2 49. Kd3 Ne1+ 50. Ke2 Ng2 51. Be5 b4 52. Kd3 a3 53. bxa3 bxa3 54. Kc2 Ne1+ 55. Kb3 Nf3 56. Bf6 Nf5 57. Kxa3 N5xd4 58. Bxd4 Nxd4 59. Bxg6 Ke7 60. Bd3 1/2-1/2

[Event "December 5 Late 2023"]
[Site "https://www.chess.com"]
[Date "2023.12.05"]
[Round "6"]
[White "Bortnyk, Olexandr"]
[Black "Kovalev, Vladislav"]
[Result "1-0"]
[Board "8"]
[TimeControl "180+1"]
[WhiteFideId "14120828"]
[BlackFideId "13504398"]
[WhiteElo "3086"]
[BlackElo "2925"]
[WhiteTeam "UKR"]
[BlackTeam "FID"]
[WhiteClock "0:00:32"]
[BlackClock "0:00:00"]

1. e4 e5 2. Nf3 Nc6 3. Bb5 a6 4. Ba4 Nf6 5. Nc3 b5 6. Bb3 Bc5 7. Nd5 Nxd5 8. exd5 Nd4 9. Nxe5 d6 10. Nc6 Qg5 11. Nxd4 Bxd4 12. Qe2+ Kd8 13. O-O Re8 14. Qf3 Bg4 15. Qg3 Qg6 16. d3 Be5 17. Bf4 Bxb2 18. Rab1 Bc3 19. a4 b4 20. a5 Re2 21. Ba4 Bd7 22. Qf3 Bg4 23. Qg3 Bd7 24. Qf3 Bg4 25. Bg5+ Qxg5 26. Qxf7 h6 27. Qf8+ 1-0

[Event "December 5 Late 2023"]
[Site "https://www.chess.com"]
[Date "2023.12.05"]
[Round "6"]
[White "Caruana, Fabiano"]
[Black "Xiong, Jeffery"]
[Result "0-1"]
[Board "9"]
[TimeControl "180+1"]
[WhiteFideId "2020009"]
[BlackFideId "2047640"]
[WhiteElo "3074"]
[BlackElo "3016"]
[WhiteTeam "USA"]
[BlackTeam "USA"]
[WhiteClock "0:00:02"]
[BlackClock "0:00:06"]

1. d4 c5 2. d5 e5 3. e4 d6 4. Nc3 a6 5. a4 g6 6. a5 Nd7 7. Nf3 b5 8. axb6 Nxb6 9. Be2 Bg7 10. O-O Ne7 11. Nd2 f5 12. f3 O-O 13. Nb3 f4 14. Na5 g5 15. Bd2 h5 16. Be1 Kh7 17. h3 Rg8 18. Na4 Nxa4 19. Rxa4 Bf6 20. Ra3 Bd7 21. Bf2 Qf8 22. Nc4 Nc8 23. Rb3 Ra7 24. Rb8 Bd8 25. Qd2 a5 26. Rb3 a4 27. Ra3 Nb6 28. b4 Nxc4 29. Bxc4 g4 30. hxg4 hxg4 31. fxg4 Bxg4 32. bxc5 Rag7 33. Be1 f3 34. g3 Bg5 35. Qf2 Rf7 36. cxd6 Qxd6 37. Rxa4 Bh3 38. Ra6 Qf8 39. Qh2 Be3+ 40. Bf2 Rxg3+ 41. Qxg3 Rg7 42. Kh2 Bf4 43. Rg1 Bg2 44. Rxg2 fxg2 45. Kxg2 Bxg3 46. Bxg3 Qf4 47. Ra3 Qxe4+ 0-1

[Event "December 5 Late 2023"]
[Site "https://www.chess.com"]
[Date "2023.12.05"]
[Round "6"]
[White "Pranav, V"]
[Black "Korchmar, Vasiliy"]
[Result "1-0"]
[Board "10"]
[TimeControl "180+1"]
[WhiteFideId "25060783"]
[BlackFideId "24131750"]
[WhiteElo "3055"]
[BlackElo "2805"]
[WhiteTeam "IND"]
[BlackTeam "RUS"]
[WhiteClock "0:00:47"]
[BlackClock "0:00:19"]

1. e4 c5 2. Nf3 d6 3. d4 cxd4 4. Nxd4 Nf6 5. Nc3 Nc6 6. Bg5 Bd7 7. Qd2 a6 8. Be2 e6 9. O-O-O Be7 10. Nxc6 Bxc6 11. f3 b5 12. h4 b4 13. Nb1 a5 14. Qe3 Qc7 15. Nd2 a4 16. Kb1 a3 17. b3 Rc8 18. Nc4 d5 19. Bxf6 Bxf6 20. exd5 Bd7 21. dxe6 fxe6 22. Nd6+ Ke7 23. Nxc8+ Rxc8 24. Bc4 Qb7 25. Rhe1 Rxc4 26. bxc4 Qc8 27. Qb6 Kf7 28. Qa7 Ke8 29. Qxd7+ Qxd7 30. Rxd7 Kxd7 31. Re4 Bc3 32. Kc1 e5 33. Kd1 Kd6 34. Ke2 Kc5 35. Kd3 h6 36. Rg4 h5 37. Rg5 1-0

[Event "December 5 Late 2023"]
[Site "https://www.chess.com"]
[Date "2023.12.05"]
[Round "6"]
[White "Oparin, Grigoriy"]
[Black "Ashraf, Artin"]
[Result "1-0"]
[Board "11"]
[TimeControl "180+1"]
[WhiteFideId "24125890"]
[BlackFideId "22514805"]
[WhiteElo "3049"]
[BlackElo "2890"]
[WhiteTeam "USA"]
[BlackTeam "IRI"]
[WhiteClock "0:00:15"]
[BlackClock "0:00:04"]

1. d4 d5 2. c4 dxc4 3. Nf3 Nf6 4. e3 e6 5. Bxc4 a6 6. O-O c5 7. Re1 cxd4 8. exd4 Be7 9. Nc3 O-O 10. Bg5 Nc6 11. a3 h6 12. Bh4 Nh5 13. Bxe7 Qxe7 14. d5 Na5 15. Ba2 Qf6 16. d6 Rd8 17. Ne4 Qxb2 18. Re2 Qb5 19. Rb1 Qf5 20. Nd4 Qg6 21. Re3 Nf6 22. Nxf6+ Qxf6 23. Nf3 Nc6 24. Qd2 e5 25. Rd1 Be6 26. Bb1 Bf5 27. Bxf5 Qxf5 28. Qd5 Qe6 29. Qxe6 fxe6 30. Nxe5 Nxe5 31. Rxe5 Kf7 32. g3 Rd7 33. a4 Rad8 34. Rb1 Rb8 35. Rb6 Rc8 36. Re3 Rc6 37. Rf3+ Ke8 38. Rfb3 Rxb6 39. Rxb6 Kf7 40. f4 Kf6 41. Kf2 e5 42. Kf3 Ke6 43. Ke4 exf4 44. gxf4 Rxd6 45. f5+ Ke7 46. Rxb7+ Kf6 47. a5 Kg5 48. Rxg7+ Kh4 49. Rg6 Rd1 50. Rxh6+ Kg5 51. Rg6+ Kh5 52. Rxa6 Re1+ 53. Kf4 Rf1+ 54. Ke5 Re1+ 55. Kf6 Kg4 56. Kg6 Rb1 57. f6 Rb8 58. f7 1-0

[Event "December 5 Late 2023"]
[Site "https://www.chess.com"]
[Date "2023.12.05"]
[Round "6"]
[White "Gokerkan, Cem Kaan"]
[Black "Duda, Jan-Krzysztof"]
[Result "0-1"]
[Board "12"]
[TimeControl "180+1"]
[WhiteFideId "6336760"]
[BlackFideId "1170546"]
[WhiteElo "2872"]
[BlackElo "3041"]
[WhiteTeam "TUR"]
[BlackTeam "POL"]
[WhiteClock "0:00:09"]
[BlackClock "0:00:42"]

1. e4 b6 2. d4 g6 3. h4 h6 4. f4 h5 5. Nc3 d6 6. Nf3 Bg7 7. Be3 Nf6 8. Ng5 O-O 9. Bc4 Bg4 10. Qd3 e6 11. Bb3 d5 12. e5 Nh7 13. Nf3 a5 14. a3 Na6 15. Nh2 Bf5 16. Qe2 Qxh4+ 17. Kd2 c5 18. Rag1 cxd4 19. Bxd4 Qxf4+ 20. Be3 Qxe5 21. Nf3 Qg3 22. Bf2 Bh6+ 23. Kd1 Qf4 24. Ke1 Nc5 25. Rh4 Qc1+ 26. Nd1 a4 27. g4 axb3 28. gxf5 bxc2 29. fxg6 cxd1=Q+ 30. Qxd1 Nd3+ 31. Ke2 Qxd1+ 32. Rxd1 Nf4+ 33. Rxf4 Bxf4 34. gxh7+ Kxh7 35. Rh1 Kg6 36. Rg1+ Kh6 37. Bd4 e5 38. Bxb6 Rab8 0-1

[Event "December 5 Late 2023"]
[Site "https://www.chess.com"]
[Date "2023.12.05"]
[Round "6"]
[White "Tari, Aryan"]
[Black "Alexandre, Anne Shopie Elizabeth"]
[Result "0-1"]
[Board "13"]
[TimeControl "180+1"]
[WhiteFideId "1510045"]
[BlackFideId "11902418"]
[WhiteElo "3009"]
[BlackElo "2867"]
[WhiteTeam "NOR"]
[BlackTeam "HAI"]
[WhiteClock "0:00:00"]
[BlackClock "0:00:42"]

1. c4 e5 2. a3 g6 3. h4 h6 4. d4 d6 5. dxe5 dxe5 6. Qxd8+ Kxd8 7. Nc3 Bg7 8. Nf3 c6 9. Be3 Kc7 10. Nd2 Be6 11. g3 Nd7 12. O-O-O Ne7 13. f3 Nf5 14. Bf2 h5 15. Nce4 f6 16. e3 a5 17. f4 Rhe8 18. Bh3 Nh6 19. Bxe6 Rxe6 20. Rhe1 Rae8 21. Nb3 exf4 22. Rxd7+ Kxd7 23. Nec5+ Kc7 24. Nxe6+ Rxe6 25. Nc5 Re7 26. exf4 Rxe1+ 27. Bxe1 Kb6 28. Nd7+ Kc7 29. Nc5 Kb6 30. Bf2 Nf5 31. Ne6+ c5 32. Nxc5 Kc6 33. Ne4 a4 34. Kc2 Nd6 35. Nxd6 Kxd6 36. Bd4 Ke6 37. Kd3 Kf5 38. c5 Kg4 39. Kc4 Kxg3 40. Kb5 Kxh4 41. Kb6 Bf8 42. Kxb7 Bxc5 43. Bxc5 Kg4 44. f5 gxf5 45. Kc6 h4 46. Kb5 h3 47. Bg1 Kg3 0-1

[Event "December 5 Late 2023"]
[Site "https://www.chess.com"]
[Date "2023.12.05"]
[Round "6"]
[White "Kazakouski, Valery"]
[Black "Deac, Bogdan-Daniel"]
[Result "0-1"]
[Board "14"]
[TimeControl "180+1"]
[WhiteFideId "13507443"]
[BlackFideId "1226380"]
[WhiteElo "2852"]
[BlackElo "2994"]
[WhiteTeam "LTU"]
[BlackTeam "ROU"]
[WhiteClock "0:00:00"]
[BlackClock "0:00:05"]

1. e4 e5 2. Nf3 Nc6 3. Bc4 d6 4. Nc3 Be7 5. d4 Nf6 6. h3 exd4 7. Nxd4 Ne5 8. Be2 O-O 9. O-O Re8 10. a4 a6 11. Bf4 Bf8 12. Bg3 Rb8 13. a5 c5 14. Nb3 Nc6 15. Bc4 Be6 16. Bxe6 fxe6 17. Re1 Rc8 18. e5 dxe5 19. Bxe5 c4 20. Bxf6 Qxd1 21. Nxd1 cxb3 22. Bc3 bxc2 23. Ne3 Nb4 24. Rec1 Nd5 25. Rxc2 Nxc3 26. Rxc3 Rxc3 27. bxc3 Rc8 28. Rb1 Rc7 29. Kf1 Bc5 30. Nd1 Kf7 31. Ke2 Ke7 32. f4 Kd6 33. Nb2 Kd5 34. Kd3 Bd6 35. g3 Rc5 36. Ra1 Bc7 37. Na4 Rxa5 38. c4+ Kc6 39. Ke4 h5 40. g4 hxg4 41. hxg4 g6 42. Ra2 Bd6 43. Ra1 Kc7 44. Ra2 Kc6 45. Ra1 Bb8 46. Ra2 Ba7 47. Ra1 Bc5 48. Ra2 Bb4 49. Kd4 Kc7 50. c5 Bxc5+ 51. Ke4 Bd6 52. Rc2+ Kd8 53. Nb2 Rb5 54. Nc4 Ke7 55. Rd2 Bc7 56. Rc2 Rb4 57. Kd3 Bxf4 58. Nb2 b5 0-1

[Event "December 5 Late 2023"]
[Site "https://www.chess.com"]
[Date "2023.12.05"]
[Round "6"]
[White "Rustemov, Alexander"]
[Black "Terry, Renato"]
[Result "0-1"]
[Board "15"]
[TimeControl "180+1"]
[WhiteFideId "4119002"]
[BlackFideId "3803457"]
[WhiteElo "2838"]
[BlackElo "2978"]
[WhiteTeam "RUS"]
[BlackTeam "PER"]
[WhiteClock "0:00:00"]
[BlackClock "0:00:09"]

1. d4 e6 2. Nf3 Nf6 3. c4 b6 4. a3 Bb7 5. Nc3 d5 6. Bg5 Be7 7. Bxf6 Bxf6 8. cxd5 exd5 9. Qa4+ c6 10. g3 O-O 11. Rd1 Re8 12. Bg2 Nd7 13. O-O Be7 14. e3 Bd6 15. Ne1 a5 16. Qb3 Ba6 17. Nd3 Nf6 18. Rfe1 Rc8 19. h3 h5 20. Qc2 Qd7 21. Nf4 h4 22. g4 Bxf4 23. exf4 Nxg4 24. hxg4 Qxg4 25. f3 Qxf4 26. Qf2 Rcd8 27. Bh3 Rxe1+ 28. Rxe1 Rd6 29. Kh1 Rf6 30. Re3 Kh7 31. Ne2 Bxe2 32. Qxe2 Qxd4 33. Qd3+ Qxd3 34. Rxd3 Rd6 35. f4 Rf6 36. Rf3 g5 37. Kg2 gxf4 38. Kf2 Kh6 39. b4 axb4 40. axb4 Kg5 41. Rc3 Rd6 42. Bg2 Kf5 43. Bf3 Ke5 44. Rc1 h3 45. Rh1 Rh6 46. Bg4 h2 47. Bf3 Kd4 48. b5 cxb5 49. Rd1+ Kc3 50. Rxd5 h1=Q 51. Bxh1 Rxh1 52. Rxb5 Rh6 53. Kf3 Rf6 54. Rh5 Kc4 55. Rh1 b5 56. Rc1+ Kb4 57. Rb1+ Ka5 58. Ra1+ Kb6 59. Rb1 Rc6 60. Kxf4 Rc4+ 61. Ke5 b4 62. Kd5 Kb5 63. Rf1 Rc7 64. Kd6 Rb7 65. Kd5 b3 66. Kd4 Kb4 67. Kd3 Rd7+ 68. Ke3 b2 0-1